 Dungeon Crawl Stone Soup version 0.29.1-15-g9cfb28693d (webtiles) character file.

Game seed: 11187223326960267852

23 protoss039 the Digger (level 2, 0/21 HPs)
             Began as a Demonspawn Earth Elementalist on Mar 13, 2023.
             Slain by an adder (1 damage)
             ... on level 2 of the Dungeon.
             The game lasted 00:01:33 (1436 turns).

protoss039 the Digger (DsEE)                        Turns: 1436, Time: 00:01:34

Health: 0/21       AC:  2    Str: 16    XL:     2   Next: 72%
Magic:  11/14      EV: 12    Int: 14    God:
Gold:   112        SH:  0    Dex: 11    Spells: 2/5 levels left

rFire   . . .      SeeInvis .   n - +0 dagger
rCold   . . .      Faith    .   (no shield)
rNeg    . . .      Spirit   .   a - +0 robe
rPois   .          Reflect  .   (no helmet)
rElec   .          Harm     .   (no cloak)
rCorr   .          Rampage  .   (no gloves)
Will    .....                   (no boots)
Stlth   ++........              (no amulet)
HPRegen 0.00/turn               k - ring of magical power
MPRegen 0.14/turn               (no ring)

@: lethally poisoned (0 -> -3), flying, inhibited regen
A: weakness stinger 1, fangs 1, inhibited regeneration, strong 2
a: no special abilities


You were on level 2 of the Dungeon.
You visited 1 branch of the dungeon, and saw 2 of its levels.

You collected 112 gold pieces.

Inventory:

Hand Weapons
 n - a +0 dagger (weapon)
Armour
 a - a +0 robe (worn)
Jewellery
 k - a ring of magical power (left hand)
Scrolls
 c - a scroll of acquirement {unknown}
 d - a scroll of identify {unknown}
 e - 2 scrolls of immolation {unknown}
 g - a scroll of magic mapping {unknown}
 h - 2 scrolls of enchant weapon {unknown}
 m - a scroll of butterflies {unknown}
Potions
 b - a potion of magic
 f - a potion of haste {unknown}
 i - a potion of mutation
 j - a potion of flight
 l - a potion of heal wounds {unknown}


   Skills:
 + Level 1.2 Fighting
 - Level 1.7 Dodging
 - Level 1.7 Stealth
 + Level 2.4 Spellcasting
 - Level 0.8 Transmutations
 + Level 3.0 Earth Magic


You had 2 spell levels left.
You knew the following spells:

 Your Spells              Type           Power      Damage    Failure   Level
a - Sandblast             Erth           20%        2d7       7%          1
b - Passwall              Tmut/Erth      5%         N/A       16%         2

Your spell library contained the following spells:

 Spells                   Type           Power      Damage    Failure   Level
 Stone Arrow              Conj/Erth      10%        3d7       36%         3
 Tukima's Dance           Hex            1%         N/A       56%         3
 Petrify                  Tmut/Erth      7%         N/A       71%         4
 Passage of Golubria      Tloc           1%         N/A       92%         4
 Yara's Violent Unravell  Hex/Tmut       1%         3d3       99%         5


Dungeon Overview and Level Annotations

Branches:
Dungeon (2/15) Zot: 10546

Altars:

Shops:
D:1 *


Innate Abilities, Weirdness & Mutations

You have a small tail.
You have very sharp teeth.
You do not regenerate when monsters are visible.
Your muscles are very strong. (Str +8, Int/Dex -2)


Message History

Confirm with . or Enter, or press ? or * to list all spells.
Aiming: Sandblast (safe; 6% risk of failure)
Press: ? - help, Shift-Dir - straight line, f - adder
Aim: an adder (moderately wounded, 70% to hit)
The blast of sand hits the adder.
The adder is moderately wounded.
You feel sick. The adder misses you. The adder bites you.
Unknown command.
Casting: Sandblast (safe; 6% risk of failure)
Confirm with . or Enter, or press ? or * to list all spells.
Aiming: Sandblast (safe; 6% risk of failure)
Press: ? - help, Shift-Dir - straight line, f/p - adder
Aim: an adder (moderately wounded, 70% to hit)
The blast of sand hits the adder.
The adder is severely wounded.
You feel sick. The adder closely misses you. The adder bites you.
* * * LOW HITPOINT WARNING * * *
You are lethally poisoned!
The adder poisons you!
Casting: Sandblast (safe; 6% risk of failure)
Confirm with . or Enter, or press ? or * to list all spells.
Aiming: Sandblast (safe; 6% risk of failure)
Press: ? - help, Shift-Dir - straight line, f/p - adder
Aim: an adder (severely wounded, 70% to hit)
The blast of sand misses the adder.
* * * LOW HITPOINT WARNING * * *
You feel sick. The adder barely misses you.
Unknown command.
It was a potion of mutation.
You feel extremely strange.
Your teeth lengthen and sharpen.
Your regeneration stops near monsters.
You feel stronger. x2
* * * LOW HITPOINT WARNING * * *
You feel sick. The adder closely misses you. x2
Unknown command.
It was a potion of flight.
You feel very buoyant.
You fly up into the air.
* * * LOW HITPOINT WARNING * * *
You feel sick. The adder bites you.
You die...

## #..
#.#####
#.#.).# #
#.#.#.#
#.#.#<#.#
##.#.###.#
#........#
####@#####
#.S........
#.#.######.
#.#.. # #..
#..# #..#
#..#


You could see an adder.

Vanquished Creatures
  4 bats (D:1)
  4 endoplasms (D:1)
  A giant cockroach (D:1)
  2 goblins (D:1)
  3 hobgoblins (D:1)
  A quokka (D:1)
  2 ball pythons (D:1)
  2 kobolds (D:1)
  A rat (D:1)
20 creatures vanquished.

Notes
Turn   | Place    | Note
-------+----------+-------------------------------------------
     0 | D:1      | protoss039 the Demonspawn Earth Elementalist began the
                  | quest for the Orb.
     0 | D:1      | Reached XP level 1. HP: 13/13 MP: 3/3
    21 | D:1      | Found Ycrejass's Assorted Antiques.
   245 | D:1      | Gained mutation: You have a small tail. [demonic ancestry]
   245 | D:1      | Reached XP level 2. HP: 12/20 MP: 0/5
   436 | D:1      | Reached skill level 1 in Fighting
   609 | D:1      | Reached skill level 3 in Earth Magic
  1417 | D:1      | Learned a level 2 spell: Passwall
  1435 | D:2      | Gained mutation: You have very sharp teeth. [potion of
                  | mutation]
  1435 | D:2      | Gained mutation: You do not regenerate when monsters are
                  | visible. [potion of mutation]
  1435 | D:2      | Gained mutation: Your muscles are strong. (Str +4, Int/Dex
                  | -1) [potion of mutation]
  1435 | D:2      | Gained mutation: Your muscles are very strong. (Str +8,
                  | Int/Dex -2) [potion of mutation]
  1436 | D:2      | HP: 1/21 [poisoned by an adder]
  1436 | D:2      | Slain by an adder

Illustrated notes

Levels and vault maps discovered:
D:1:      evilmike_arrival_hilbert_curve, layout_basic, serial_shops,
          nicolae_shop_window_shopping, st_stairs_12
D:2:      minmay_alternating_diamond, layout_basic, serial_curves,
          eino_curves_03, eino_curves_04, eino_curves_04

Skill      XL: |  1  2 |
---------------+-------+-----
Fighting       | 1 |  1.2
Earth Magic    | 3 |  3.0
Dodging        | |  1.7
Stealth        | |  1.7
Spellcasting   | |  2.4
Transmutations | |  0.8

Action                   || total
-------------------------++-------
Melee: Mace              ||    14
       Dagger            ||     4
       Tailslap          ||     3
 Cast: Sandblast         ||    25
  Use: Potion            ||     2
 Stab: Sleeping          ||     1
Armor: Robe              ||     3
Dodge: Dodged            ||    29
